Tucson Roadrunners vs Philadelphia Phantoms
Created - Saturday, December 21, 2024 at 08:26
Goals
|
| Tucson Roadrunners |
1 |
2 |
1 |
4 |
| Philadelphia Phantoms |
2 |
3 |
0 |
5 |
|
Shots
|
| Tucson Roadrunners |
11 |
10 |
9 |
30 |
| Philadelphia Phantoms |
12 |
19 |
10 |
41 |
|
1st period
1. Philadelphia Phantoms , Jack McBain 1 (Tye Kartye 5, Jaret Anderson-Dolan 2) at 8:13
2. Philadelphia Phantoms , James Malatesta 2 (Jack McBain 2) at 11:20 (PP)
3. Tucson Roadrunners , Anthony Richard 3 (Nicolas Petan 4) at 15:56
Penalties :
Nick Seeler (TRR) for Interference (Minor) at 2:23, Jaret Anderson-Dolan (PHP) for Cross-checking (Minor) at 9:00, Nick Seeler (TRR) for Hooking (Minor) at 11:18, Owen Sillinger (TRR) for Holding (Minor) at 19:58
2nd period
4. Philadelphia Phantoms , Tye Kartye 3 (Jack McBain 3) at 0:42 (PP)
5. Tucson Roadrunners , Nick Seeler 1 (William Carrier 5, Nicolas Petan 5) at 1:58 (PP)
6. Tucson Roadrunners , Nicolas Petan 2 (William Carrier 6, Anthony Richard 2) at 4:31
7. Philadelphia Phantoms , Egor Afanasyev 4 (Juuso Parssinen 5, William Borgen 2) at 7:15 (PP)
8. Philadelphia Phantoms , Juuso Parssinen 6 (Alex Steeves 3) at 11:23
Penalties :
Jack McBain (PHP) for Fighting (Major) at 1:41, Owen Sillinger (TRR) for Fighting (Major) at 1:41, Jack McBain (PHP) for instigated a fight (Minor) at 1:41, Jack McBain (PHP) for instigated a fight (10 Minutes Misconduct) at 1:41, Kiefer Sherwood (TRR) for Holding (Minor) at 5:42, Owen Sillinger (TRR) for Hooking (Minor) at 19:17
3rd period
9. Tucson Roadrunners , William Carrier 4 (Nicolas Petan 6, Anthony Richard 3) at 9:00
Penalties :
Brandon Duhaime (PHP) for Tripping (Minor) at 5:55, Robert Hagg (TRR) for Tripping (Minor) at 10:13
Goalie Stats
Kaapo Kahkonen (TRR), 36 saves from 41 shots - (0.878), L, 0-1-0, 58:45 minutes
Jake Allen (PHP), 26 saves from 30 shots - (0.867), W, 4-2-1, 60:00 minutes
Players Stats for Tucson Roadrunners
Player Name G A P +/- PIM S H SB GA TA FO MP PP MP PK MP
------------------------------------------------------------------------------------
Anthony Richard 1 2 3 2 0 2 0 2 1 0 1/2 15:50 2:07 0:00
Ben Jones 0 0 0 0 0 0 0 0 0 0 0/1 5:38 0:00 0:00
Brock McGinn 0 0 0 0 0 3 1 0 0 0 0/1 21:14 2:01 4:09
Chase Wheatcroft 0 0 0 0 0 0 0 0 0 0 0/0 5:38 0:00 0:00
Gage Goncalves 0 0 0 -1 0 1 0 1 0 0 1/3 13:33 0:00 0:48
Kiefer Sherwood 0 0 0 0 2 3 3 0 0 1 7/25 24:08 2:01 3:19
Maksymilian Szuber 0 0 0 0 0 0 0 1 0 1 0/0 12:51 0:00 0:18
Matt Nieto 0 0 0 0 0 5 1 3 1 0 0/0 20:54 2:01 4:07
Maxwell Crozier 0 0 0 0 0 0 0 2 0 1 0/0 22:46 2:17 4:09
Nick Seeler 1 0 1 0 4 4 2 1 0 0 0/0 21:38 2:17 3:00
Nicolas Petan 1 3 4 2 0 3 3 0 1 0 5/12 15:50 2:07 0:00
Owen Sillinger 0 0 0 -1 9 2 1 0 0 0 0/0 12:55 0:03 0:19
Robert Hagg 0 0 0 1 2 0 4 4 0 2 0/0 23:45 1:58 3:11
Samuel Knazko 0 0 0 0 0 0 1 0 0 2 0/0 14:20 0:00 1:47
Topias Vilen 0 0 0 1 0 0 0 0 0 0 0/0 24:41 1:58 4:07
Walker Duehr 0 0 0 -1 0 1 1 0 1 0 4/10 13:10 0:07 0:00
William Carrier 1 2 3 2 0 6 3 1 0 0 1/3 19:42 2:07 4:09
Zach Dean 0 0 0 0 0 0 0 0 0 0 0/1 3:23 0:11 0:00
Players Stats for Philadelphia Phantoms
Player Name G A P +/- PIM S H SB GA TA FO MP PP MP PK MP
------------------------------------------------------------------------------------
Adam Klapka 0 0 0 0 0 0 2 0 0 1 9/11 13:56 0:00 1:46
Alex Steeves 0 1 1 -1 0 2 0 0 0 0 2/2 15:28 4:08 0:00
Brandon Duhaime 0 0 0 0 2 1 0 0 1 0 0/0 14:19 0:02 0:38
Brett Murray 0 0 0 0 0 0 2 0 0 0 0/1 14:19 0:52 0:48
Egor Afanasyev 1 0 1 -1 0 7 0 0 0 0 14/20 18:21 4:08 1:38
Jack McBain 1 2 3 1 17 3 1 1 1 0 6/12 14:30 3:16 2:00
James Malatesta 1 0 1 0 0 6 2 0 1 0 1/2 15:30 4:06 0:00
Jaret Anderson-Dolan 0 1 1 0 2 2 1 0 1 1 0/0 12:09 0:00 0:00
Juuso Parssinen 1 1 2 -2 0 3 0 0 2 0 1/2 17:42 4:08 0:00
Louis Crevier 0 0 0 0 0 0 2 0 0 1 0/0 15:05 0:00 0:00
Luca Del Bel Belluz 0 0 0 0 0 2 2 0 0 0 6/8 11:24 0:00 0:00
Marcus Bjork 0 0 0 1 0 0 2 1 0 1 0/0 21:34 4:09 1:53
Nick Blankenburg 0 0 0 -2 0 4 2 2 0 0 0/0 22:21 4:07 2:22
Pontus Holmberg 0 0 0 0 0 2 2 2 0 0 0/0 15:02 0:02 1:40
Ryan Johnson 0 0 0 1 0 0 0 2 0 0 0/0 21:34 4:09 1:53
Tye Kartye 1 1 2 0 0 7 3 0 0 0 0/0 15:02 4:06 0:00
Tyler Kleven 0 0 0 0 0 0 1 1 0 0 0/0 15:05 0:00 0:00
William Borgen 0 1 1 -2 0 2 2 1 1 0 0/0 22:21 4:07 2:22
3 Stars
1 - Nicolas Petan (TRR)
2 - William Carrier (TRR)
3 - Anthony Richard (TRR)
Power Play
Tucson Roadrunners - 1 on 3 Attempt(s) - 33.33%
Philadelphia Phantoms - 3 on 6 Attempt(s) - 50.00%
Penalty Kill
Tucson Roadrunners - 3 on 6 Attempt(s) - 50.00%
- Score 0 goal in Penalty Kill
Philadelphia Phantoms - 2 on 3 Attempt(s) - 66.67%
- Score 0 goal in Penalty Kill
Team Stat
Tucson Roadrunners - Hits : 20 - Faceoff Wins : 19 - Blocked Shots : 15 - Penalty Minutes : 17
Philadelphia Phantoms - Hits : 24 - Faceoff Wins : 39 - Blocked Shots : 10 - Penalty Minutes : 21
Official
Referees : Furman South and Frederick L'Ecuyer
Linesman : Julien Fournier and Travis Gawryletz
Game Notes
Jack McBain beats up Owen Sillinger at 1:41 of 2nd period
Tucson Roadrunners
5 vs 5 Forward
Center Left Wing Right Wing Time % Phy DF OF
1 Kiefer Sherwood Matt Nieto Brock McGinn 40 0 2 3
2 Nicolas Petan William Carrier Anthony Richard 30 0 2 3
3 Walker Duehr Gage Goncalves Owen Sillinger 25 0 2 3
4 Ben Jones Chase Wheatcroft Kiefer Sherwood 5 1 2 2
5 vs 5 Defense
Defense Defense Time % Phy DF OF
1 Nick Seeler Maxwell Crozier 35 1 3 1
2 Robert Hagg Topias Vilen 35 1 3 1
3 Maksymilian Szuber Samuel Knazko 25 1 3 1
4 Nick Seeler Maxwell Crozier 5 1 2 2
PowerPlay Forward
Center Left Wing Right Wing Time % Phy DF OF
1 Kiefer Sherwood Matt Nieto Brock McGinn 50 0 1 4
2 Nicolas Petan William Carrier Anthony Richard 50 0 1 4
PowerPlay Defense
Defense Defense Time % Phy DF OF
1 Nick Seeler Maxwell Crozier 50 1 2 2
2 Robert Hagg Topias Vilen 50 1 2 2
Penalty Kill 4 Players Forward
Center Wing Time % Phy DF OF
1 Kiefer Sherwood Matt Nieto 50 1 3 1
2 William Carrier Brock McGinn 50 1 3 1
Penalty Kill 4 Players Defense
Defense Defense Time % Phy DF OF
1 Nick Seeler Maxwell Crozier 50 1 3 1
2 Robert Hagg Topias Vilen 50 1 3 1
Penalty Kill - 3 Players Forward
Forward Time % Phy DF OF
1 Kiefer Sherwood 50 1 2 2
2 Matt Nieto 50 1 2 2
Penalty Kill - 3 Players Defense
Defense Defense Time % Phy DF OF
1 Nick Seeler Maxwell Crozier 50 1 2 2
2 Robert Hagg Topias Vilen 50 1 2 2
4 vs 4 Forward
Center Wing Time % Phy DF OF
1 Kiefer Sherwood Matt Nieto 50 1 2 2
2 William Carrier Brock McGinn 50 1 2 2
4 vs 4 Defense
Defense Defense Time % Phy DF OF
1 Nick Seeler Maxwell Crozier 50 1 2 2
2 Robert Hagg Topias Vilen 50 1 2 2
Last Minutes Offensive
Center Left Wing Right Wing Defense Defense
Kiefer Sherwood Matt Nieto Brock McGinn Nick Seeler Maxwell Crozier
Last Minutes Defensive
Center Left Wing Right Wing Defense Defense
Kiefer Sherwood Matt Nieto Brock McGinn Nick Seeler Maxwell Crozier
Goaltenders
Starting : Kaapo Kahkonen
Backup : Unknown Goalie
Extra Forwards
Normal : Zach Dean, Walker Duehr, Gage Goncalves - PP : Zach Dean, Walker Duehr - PK : Gage Goncalves
Extra Defensemen
Normal : Maksymilian Szuber, Samuel Knazko, Robert Hagg - PP : Maksymilian Szuber - PK : Samuel Knazko, Robert Hagg
Penalty Shots
Kiefer Sherwood, Matt Nieto, William Carrier, Brock McGinn, Nicolas Petan
Scratches
Ondrej Pavel (Healthy), Alexander Kisakov (Healthy), Jack Matier (Healthy), Lleyton Moore (Healthy), Tanner Dickinson (Healthy)
Corson Ceulemans (Healthy), Trevor Kuntar (Healthy), Hunter Drew (Healthy), Ole Julian Bjorgvik Holm (Healthy), Magnus Chrona (Healthy)
Georgi Romanov (Healthy), Kevin Mandolese (Healthy), Hunter Shepard (Healthy), Arturs Silovs (Healthy)
Philadelphia Phantoms
5 vs 5 Forward
Center Left Wing Right Wing Time % Phy DF OF
1 Egor Afanasyev Juuso Parssinen Alex Steeves 25 0 1 4
2 Jack McBain Tye Kartye Brett Murray 25 0 2 3
3 Luca Del Bel Belluz James Malatesta Pontus Holmberg 25 0 2 3
4 Adam Klapka Brandon Duhaime Jaret Anderson-Dolan 25 0 1 4
5 vs 5 Defense
Defense Defense Time % Phy DF OF
1 William Borgen Nick Blankenburg 35 0 3 2
2 Ryan Johnson Marcus Bjork 35 0 3 2
3 Tyler Kleven Louis Crevier 30 0 3 2
4 William Borgen Nick Blankenburg 0 0 3 2
PowerPlay Forward
Center Left Wing Right Wing Time % Phy DF OF
1 Egor Afanasyev Juuso Parssinen Alex Steeves 50 0 0 5
2 Jack McBain James Malatesta Tye Kartye 50 0 0 5
PowerPlay Defense
Defense Defense Time % Phy DF OF
1 William Borgen Nick Blankenburg 50 0 1 4
2 Ryan Johnson Marcus Bjork 50 0 1 4
Penalty Kill 4 Players Forward
Center Wing Time % Phy DF OF
1 Jack McBain Pontus Holmberg 50 0 5 0
2 Adam Klapka Brandon Duhaime 50 0 5 0
Penalty Kill 4 Players Defense
Defense Defense Time % Phy DF OF
1 William Borgen Nick Blankenburg 50 0 5 0
2 Ryan Johnson Marcus Bjork 50 0 5 0
Penalty Kill - 3 Players Forward
Forward Time % Phy DF OF
1 Jack McBain 50 0 5 0
2 Pontus Holmberg 50 0 5 0
Penalty Kill - 3 Players Defense
Defense Defense Time % Phy DF OF
1 William Borgen Nick Blankenburg 50 0 5 0
2 Ryan Johnson Marcus Bjork 50 0 5 0
4 vs 4 Forward
Center Wing Time % Phy DF OF
1 Egor Afanasyev Juuso Parssinen 50 0 1 4
2 Jack McBain Tye Kartye 50 0 2 3
4 vs 4 Defense
Defense Defense Time % Phy DF OF
1 William Borgen Nick Blankenburg 50 0 3 2
2 Ryan Johnson Marcus Bjork 50 0 3 2
Last Minutes Offensive
Center Left Wing Right Wing Defense Defense
Egor Afanasyev Juuso Parssinen James Malatesta William Borgen Nick Blankenburg
Last Minutes Defensive
Center Left Wing Right Wing Defense Defense
Jack McBain Pontus Holmberg Brandon Duhaime William Borgen Nick Blankenburg
Goaltenders
Starting : Jake Allen
Backup : Spencer Martin
Extra Forwards
Normal : Brett Murray, Juuso Parssinen, Pontus Holmberg - PP : Brett Murray, Juuso Parssinen - PK : Jack McBain
Extra Defensemen
Normal : Tyler Kleven, William Borgen, Marcus Bjork - PP : Tyler Kleven - PK : William Borgen, Marcus Bjork
Penalty Shots
Egor Afanasyev, Alex Steeves, Juuso Parssinen, Brett Murray, Luca Del Bel Belluz
Scratches
Nils Aman (Healthy), Filip Cederqvist (Healthy), Tyrel Bauer (Healthy), Matthew Seminoff (Healthy), Ryan Hofer (Healthy)
Josh Lopina (Healthy), Dennis Hildeby (Healthy)
% Time on Ice - Tucson Roadrunners
Lines # - Real PCT - Wanted PCT - Time Play
Normal Forward
1 - 30% - 40% - 13:54
2 - 30% - 30% - 14:08
3 - 27% - 25% - 12:45
4 - 12% - 5% - 5:38
Normal Defense
1 - 35% - 35% - 16:16
2 - 38% - 35% - 17:32
3 - 27% - 25% - 12:33
4 - 0% - 5% - 0:04
PP Forward
1 - 49% - 50% - 2:04
2 - 51% - 50% - 2:11
PP Defense
1 - 54% - 50% - 2:17
2 - 46% - 50% - 1:58
PK Forward
1 - 50% - 50% - 4:07
2 - 50% - 50% - 4:09
PK Defense
1 - 50% - 50% - 4:09
2 - 50% - 50% - 4:07
PK3 Forward
1 - 0% - 50%
2 - 0% - 50%
PK3 Defense
1 - 0% - 50%
2 - 0% - 50%
44 Forward
1 - 0% - 50%
2 - 0% - 50%
44 Defense
1 - 0% - 50%
2 - 0% - 50%
Last Minute Offensive - 1:04
Last Minute Defensive - 0:00
Total
Forward - 60:00
Defense - 60:00
|
% Time on Ice - Philadelphia Phantoms
Lines # - Real PCT - Wanted PCT - Time Play
Normal Forward
1 - 24% - 25% - 11:20
2 - 25% - 25% - 11:30
3 - 25% - 25% - 11:24
4 - 26% - 25% - 12:10
Normal Defense
1 - 34% - 35% - 15:47
2 - 33% - 35% - 15:32
3 - 33% - 30% - 15:05
4 - 0% - 0% - 0:00
PP Forward
1 - 50% - 50% - 4:08
2 - 50% - 50% - 4:08
PP Defense
1 - 50% - 50% - 4:07
2 - 50% - 50% - 4:09
PK Forward
1 - 39% - 50% - 1:40
2 - 61% - 50% - 2:35
PK Defense
1 - 56% - 50% - 2:22
2 - 44% - 50% - 1:53
PK3 Forward
1 - 0% - 50%
2 - 0% - 50%
PK3 Defense
1 - 0% - 50%
2 - 0% - 50%
44 Forward
1 - 0% - 50%
2 - 0% - 50%
44 Defense
1 - 0% - 50%
2 - 0% - 50%
Last Minute Offensive - 0:00
Last Minute Defensive - 1:05
Total
Forward - 60:00
Defense - 60:00
|
Play-by-Play
1st period
0:01 of 1st period - Egor Afanasyev wins face-off versus Kiefer Sherwood in neutral zone.
0:14 of 1st period - Snap shot by Alex Steeves.
0:14 of 1st period - Deflect By Egor Afanasyev.
0:14 of 1st period - Stopped by Kaapo Kahkonen without a rebound.
0:15 of 1st period - Jack McBain wins face-off versus Nicolas Petan in Tucson Roadrunners zone.
0:18 of 1st period - Snap shot by Tye Kartye.
0:18 of 1st period - Shot Blocked by Robert Hagg.
2:03 of 1st period - Wrist shot by James Malatesta.
2:03 of 1st period - Stopped by Kaapo Kahkonen with a rebound.
2:05 of 1st period - Snap shot by Pontus Holmberg.
2:05 of 1st period - Deflect By James Malatesta.
2:05 of 1st period - Shot Misses the Net.
2:05 of 1st period - Puck is out of play.
2:06 of 1st period - Anthony Richard wins face-off versus Jack McBain in Tucson Roadrunners zone.
2:06 of 1st period - Anthony Richard is hit by Tye Kartye.
2:23 of 1st period - Minor Penalty to Nick Seeler for Interference.
2:24 of 1st period - Egor Afanasyev wins face-off versus William Carrier in Tucson Roadrunners zone.
2:24 of 1st period - Slapshot by Alex Steeves.
2:24 of 1st period - Shot Misses the Net.
2:26 of 1st period - Slapshot by Juuso Parssinen.
2:26 of 1st period - Deflect By Egor Afanasyev.
2:26 of 1st period - Shot Misses the Net.
2:26 of 1st period - Puck is out of play.
2:27 of 1st period - Egor Afanasyev wins face-off versus William Carrier in Tucson Roadrunners zone.
2:52 of 1st period - Wrist shot by Matt Nieto.
2:52 of 1st period - Stopped by Jake Allen with a rebound.
4:14 of 1st period - Juuso Parssinen is hit by Robert Hagg and loses puck.
4:23 of 1st period - Penalty to Nick Seeler is over, Nick Seeler is back on ice.
4:57 of 1st period - Ben Jones is hit by James Malatesta and loses puck.
5:27 of 1st period - Tye Kartye is hit by Kiefer Sherwood and loses puck.
5:49 of 1st period - Gage Goncalves is hit by Marcus Bjork and loses puck.
6:00 of 1st period - Robert Hagg is hit by James Malatesta and loses puck.
6:14 of 1st period - Icing by Gage Goncalves.
6:15 of 1st period - Walker Duehr wins face-off versus Adam Klapka in Tucson Roadrunners zone.
6:22 of 1st period - Slapshot by Jaret Anderson-Dolan.
6:22 of 1st period - Stopped by Kaapo Kahkonen with a rebound.
6:24 of 1st period - Snap shot by Brandon Duhaime.
6:24 of 1st period - Stopped by Kaapo Kahkonen with a rebound.
6:26 of 1st period - Backhand shot by Jaret Anderson-Dolan.
6:26 of 1st period - Stopped by Kaapo Kahkonen with a rebound.
6:36 of 1st period - Alex Steeves is hit by Nicolas Petan and loses puck.
6:58 of 1st period - Wrist shot by Kiefer Sherwood.
6:58 of 1st period - Shot Misses the Net.
7:17 of 1st period - Snap shot by James Malatesta.
7:17 of 1st period - Deflect By Pontus Holmberg.
7:17 of 1st period - Shot Misses the Net.
7:17 of 1st period - Puck is out of play.
7:18 of 1st period - Walker Duehr wins face-off versus Luca Del Bel Belluz in Tucson Roadrunners zone.
8:13 of 1st period - Snap shot by Jack McBain.
8:13 of 1st period - Goal by Jack McBain - Tucson Roadrunners : 0 - Philadelphia Phantoms : 1.
8:14 of 1st period - Kiefer Sherwood wins face-off versus Adam Klapka in neutral zone.
8:29 of 1st period - Nick Seeler is hit by Jaret Anderson-Dolan and loses puck.
9:00 of 1st period - Minor Penalty to Jaret Anderson-Dolan for Cross-checking.
9:01 of 1st period - Kiefer Sherwood wins face-off versus Jack McBain in Philadelphia Phantoms zone.
9:14 of 1st period - Wrist shot by Kiefer Sherwood.
9:14 of 1st period - Stopped by Jake Allen with a rebound.
9:38 of 1st period - Nick Blankenburg is hit by Robert Hagg and loses puck.
10:21 of 1st period - Kiefer Sherwood is hit by Marcus Bjork and loses puck.
11:00 of 1st period - Penalty to Jaret Anderson-Dolan is over, Jaret Anderson-Dolan is back on ice.
11:18 of 1st period - Minor Penalty to Nick Seeler for Hooking.
11:19 of 1st period - Jack McBain wins face-off versus Kiefer Sherwood in Tucson Roadrunners zone.
11:20 of 1st period - Snap shot by James Malatesta.
11:20 of 1st period - Goal by James Malatesta - Tucson Roadrunners : 0 - Philadelphia Phantoms : 2.
11:21 of 1st period - Juuso Parssinen wins face-off versus Kiefer Sherwood in neutral zone.
12:10 of 1st period - Snap shot by Pontus Holmberg.
12:10 of 1st period - Shot Blocked by Maxwell Crozier.
12:12 of 1st period - Slapshot by Luca Del Bel Belluz.
12:12 of 1st period - Shot Blocked by Maxwell Crozier.
12:34 of 1st period - Topias Vilen is hit by Tyler Kleven and loses puck.
12:43 of 1st period - Snap shot by Jaret Anderson-Dolan.
12:43 of 1st period - Shot Misses the Net.
13:01 of 1st period - Snap shot by Jack McBain.
13:01 of 1st period - Shot Misses the Net.
13:07 of 1st period - Snap shot by Kiefer Sherwood.
13:07 of 1st period - Shot Misses the Net.
13:11 of 1st period - Snap shot by Matt Nieto.
13:11 of 1st period - Deflect By Kiefer Sherwood.
13:11 of 1st period - Shot Blocked by William Borgen.
13:11 of 1st period - Puck is out of play.
13:12 of 1st period - Egor Afanasyev wins face-off versus Nicolas Petan in Philadelphia Phantoms zone.
13:12 of 1st period - Egor Afanasyev is hit by Nicolas Petan.
13:38 of 1st period - Gage Goncalves is hit by Pontus Holmberg and loses puck.
13:45 of 1st period - Slapshot by Walker Duehr.
13:45 of 1st period - Stopped by Jake Allen without a rebound.
13:46 of 1st period - Nicolas Petan wins face-off versus Jack McBain in Philadelphia Phantoms zone.
13:47 of 1st period - Wrist shot by William Carrier.
13:47 of 1st period - Stopped by Jake Allen with a rebound.
13:49 of 1st period - Slapshot by Nick Seeler.
13:49 of 1st period - Deflect By William Borgen.
13:49 of 1st period - Stopped by Jake Allen with a rebound.
13:51 of 1st period - Slapshot by William Carrier.
13:51 of 1st period - Shot Blocked by Nick Blankenburg.
13:53 of 1st period - Wrist shot by William Carrier.
13:53 of 1st period - Shot Misses the Net.
14:19 of 1st period - Walker Duehr is hit by Nick Blankenburg and loses puck.
14:42 of 1st period - Wrist shot by Kiefer Sherwood.
14:42 of 1st period - Stopped by Jake Allen without a rebound.
14:43 of 1st period - Adam Klapka wins face-off versus Ben Jones in Philadelphia Phantoms zone.
15:00 of 1st period - Jaret Anderson-Dolan is hit by Kiefer Sherwood.
15:14 of 1st period - Snap shot by William Carrier.
15:14 of 1st period - Stopped by Jake Allen without a rebound.
15:15 of 1st period - Nicolas Petan wins face-off versus Egor Afanasyev in Philadelphia Phantoms zone.
15:54 of 1st period - Snap shot by Nicolas Petan.
15:54 of 1st period - Shot Misses the Net.
15:56 of 1st period - Snap shot by Anthony Richard.
15:56 of 1st period - Goal by Anthony Richard - Tucson Roadrunners : 1 - Philadelphia Phantoms : 2.
15:57 of 1st period - Luca Del Bel Belluz wins face-off versus Kiefer Sherwood in neutral zone.
17:10 of 1st period - Wrist shot by Matt Nieto.
17:10 of 1st period - Stopped by Jake Allen with a rebound.
17:12 of 1st period - Snap shot by Matt Nieto.
17:12 of 1st period - Stopped by Jake Allen without a rebound.
17:13 of 1st period - Nicolas Petan wins face-off versus James Malatesta in Philadelphia Phantoms zone.
17:14 of 1st period - Wrist shot by Anthony Richard.
17:14 of 1st period - Shot Hit the Post.
17:23 of 1st period - Icing by Pontus Holmberg.
17:24 of 1st period - Luca Del Bel Belluz wins face-off versus Nicolas Petan in Philadelphia Phantoms zone.
17:29 of 1st period - Maxwell Crozier is hit by Luca Del Bel Belluz and loses puck.
17:34 of 1st period - Wrist shot by James Malatesta.
17:34 of 1st period - Shot Blocked by Nick Seeler.
17:36 of 1st period - Slapshot by William Borgen.
17:36 of 1st period - Shot Misses the Net.
17:38 of 1st period - Slapshot by James Malatesta.
17:38 of 1st period - Stopped by Kaapo Kahkonen with a rebound.
17:40 of 1st period - Snap shot by Luca Del Bel Belluz.
17:40 of 1st period - Stopped by Kaapo Kahkonen without a rebound.
17:41 of 1st period - Walker Duehr wins face-off versus Jack McBain in Tucson Roadrunners zone.
17:46 of 1st period - Robert Hagg is hit by Tye Kartye and loses puck.
18:19 of 1st period - Wrist shot by William Carrier.
18:19 of 1st period - Stopped by Jake Allen with a rebound.
18:57 of 1st period - Alex Steeves is hit by Walker Duehr and loses puck.
19:08 of 1st period - Anthony Richard is hit by Jack McBain and loses puck.
19:15 of 1st period - Wrist shot by Tye Kartye.
19:15 of 1st period - Stopped by Kaapo Kahkonen with a rebound.
19:17 of 1st period - Slapshot by Nick Blankenburg.
19:17 of 1st period - Stopped by Kaapo Kahkonen with a rebound.
19:19 of 1st period - Snap shot by Tye Kartye.
19:19 of 1st period - Stopped by Kaapo Kahkonen without a rebound.
19:20 of 1st period - Adam Klapka wins face-off versus Kiefer Sherwood in Tucson Roadrunners zone.
19:45 of 1st period - Walker Duehr is hit by Louis Crevier.
19:58 of 1st period - Minor Penalty to Owen Sillinger for Holding.
19:59 of 1st period - Jack McBain wins face-off versus Kiefer Sherwood in Tucson Roadrunners zone.
Goals for this period are 1 for Tucson Roadrunners vs 2 for Philadelphia Phantoms.
Shots for this period are 11 for Tucson Roadrunners vs 12 for Philadelphia Phantoms.
2nd period
0:01 of 2nd period - Jack McBain wins face-off versus Kiefer Sherwood in neutral zone.
0:04 of 2nd period - Wrist shot by James Malatesta.
0:04 of 2nd period - Shot Blocked by Matt Nieto.
0:06 of 2nd period - Backhand shot by Tye Kartye.
0:06 of 2nd period - Shot Misses the Net.
0:08 of 2nd period - Slapshot by Jack McBain.
0:08 of 2nd period - Deflect By James Malatesta.
0:08 of 2nd period - Stopped by Kaapo Kahkonen with a rebound.
0:10 of 2nd period - Slapshot by Nick Blankenburg.
0:10 of 2nd period - Shot Blocked by Matt Nieto.
0:12 of 2nd period - Slapshot by William Borgen.
0:12 of 2nd period - Stopped by Kaapo Kahkonen with a rebound.
0:14 of 2nd period - Slapshot by William Borgen.
0:14 of 2nd period - Stopped by Kaapo Kahkonen without a rebound.
0:15 of 2nd period - Egor Afanasyev wins face-off versus Brock McGinn in Tucson Roadrunners zone.
0:22 of 2nd period - Wrist shot by Egor Afanasyev.
0:22 of 2nd period - Stopped by Kaapo Kahkonen with a rebound.
0:24 of 2nd period - Wrist shot by Alex Steeves.
0:24 of 2nd period - Shot Misses the Net.
0:26 of 2nd period - Snap shot by Alex Steeves.
0:26 of 2nd period - Shot Misses the Net.
0:42 of 2nd period - Slapshot by Tye Kartye.
0:42 of 2nd period - Goal by Tye Kartye - Tucson Roadrunners : 1 - Philadelphia Phantoms : 3.
0:43 of 2nd period - Luca Del Bel Belluz wins face-off versus Kiefer Sherwood in neutral zone.
1:13 of 2nd period - Topias Vilen is hit by Louis Crevier and loses puck.
1:28 of 2nd period - Snap shot by Gage Goncalves.
1:28 of 2nd period - Stopped by Jake Allen without a rebound.
1:29 of 2nd period - Jack McBain wins face-off versus Walker Duehr in Philadelphia Phantoms zone.
1:41 of 2nd period - Jack McBain beats up Owen Sillinger.
1:41 of 2nd period - Penalty to Jack McBain for Fighting.
1:41 of 2nd period - Penalty to Owen Sillinger for Fighting.
1:41 of 2nd period - Penalty to Jack McBain for instigated a fight.
1:41 of 2nd period - Penalty to Jack McBain for instigated a fight.
1:42 of 2nd period - Nicolas Petan wins face-off versus Egor Afanasyev in Philadelphia Phantoms zone.
1:58 of 2nd period - Slapshot by Nick Seeler.
1:58 of 2nd period - Goal by Nick Seeler - Tucson Roadrunners : 2 - Philadelphia Phantoms : 3.
1:59 of 2nd period - Alex Steeves wins face-off versus Kiefer Sherwood in neutral zone.
2:12 of 2nd period - Snap shot by Matt Nieto.
2:12 of 2nd period - Shot Blocked by Marcus Bjork.
2:26 of 2nd period - Backhand shot by Pontus Holmberg.
2:26 of 2nd period - Shot Blocked by Anthony Richard.
2:46 of 2nd period - Topias Vilen is hit by William Borgen and loses puck.
3:21 of 2nd period - Wrist shot by Alex Steeves.
3:21 of 2nd period - Stopped by Kaapo Kahkonen without a rebound.
3:22 of 2nd period - Egor Afanasyev wins face-off versus Nicolas Petan in Tucson Roadrunners zone.
3:29 of 2nd period - Wrist shot by Egor Afanasyev.
3:29 of 2nd period - Stopped by Kaapo Kahkonen with a rebound.
3:31 of 2nd period - Slapshot by Egor Afanasyev.
3:31 of 2nd period - Shot Misses the Net.
3:33 of 2nd period - Snap shot by Marcus Bjork.
3:33 of 2nd period - Shot Blocked by Robert Hagg.
3:49 of 2nd period - Snap shot by Pontus Holmberg.
3:49 of 2nd period - Stopped by Kaapo Kahkonen with a rebound.
3:51 of 2nd period - Snap shot by James Malatesta.
3:51 of 2nd period - Shot Misses the Net.
3:53 of 2nd period - Slapshot by Luca Del Bel Belluz.
3:53 of 2nd period - Shot Misses the Net.
4:29 of 2nd period - Snap shot by William Carrier.
4:29 of 2nd period - Stopped by Jake Allen with a rebound.
4:31 of 2nd period - Snap shot by Nicolas Petan.
4:31 of 2nd period - Goal by Nicolas Petan - Tucson Roadrunners : 3 - Philadelphia Phantoms : 3.
4:32 of 2nd period - Egor Afanasyev wins face-off versus Kiefer Sherwood in neutral zone.
4:43 of 2nd period - Slapshot by Matt Nieto.
4:43 of 2nd period - Stopped by Jake Allen with a rebound.
4:45 of 2nd period - Snap shot by Nick Seeler.
4:45 of 2nd period - Shot Blocked by Nick Blankenburg.
4:47 of 2nd period - Wrist shot by Nick Seeler.
4:47 of 2nd period - Stopped by Jake Allen without a rebound.
4:48 of 2nd period - Luca Del Bel Belluz wins face-off versus Anthony Richard in Philadelphia Phantoms zone.
4:52 of 2nd period - Off-side.
4:53 of 2nd period - Luca Del Bel Belluz wins face-off versus Nicolas Petan in neutral zone.
5:20 of 2nd period - Wrist shot by Brock McGinn.
5:20 of 2nd period - Stopped by Jake Allen without a rebound.
5:21 of 2nd period - Adam Klapka wins face-off versus Kiefer Sherwood in Philadelphia Phantoms zone.
5:21 of 2nd period - Adam Klapka is hit by Samuel Knazko.
5:36 of 2nd period - Slapshot by William Borgen.
5:36 of 2nd period - Shot Blocked by Maksymilian Szuber.
5:42 of 2nd period - Minor Penalty to Kiefer Sherwood for Holding.
5:43 of 2nd period - Gage Goncalves wins face-off versus Brett Murray in Tucson Roadrunners zone.
6:09 of 2nd period - Icing by William Borgen.
6:10 of 2nd period - Egor Afanasyev wins face-off versus Gage Goncalves in Philadelphia Phantoms zone.
6:35 of 2nd period - Ryan Johnson is hit by William Carrier and loses puck.
6:41 of 2nd period - Penalty to Owen Sillinger is over, Owen Sillinger is back on ice.
6:59 of 2nd period - Snap shot by Brock McGinn.
6:59 of 2nd period - Stopped by Jake Allen without a rebound.
7:00 of 2nd period - Egor Afanasyev wins face-off versus Gage Goncalves in Philadelphia Phantoms zone.
7:09 of 2nd period - Snap shot by Juuso Parssinen.
7:09 of 2nd period - Stopped by Kaapo Kahkonen with a rebound.
7:11 of 2nd period - Slapshot by Nick Blankenburg.
7:11 of 2nd period - Shot Misses the Net.
7:13 of 2nd period - Slapshot by William Borgen.
7:13 of 2nd period - Shot Blocked by Matt Nieto.
7:15 of 2nd period - Snap shot by Juuso Parssinen.
7:15 of 2nd period - Deflect By Egor Afanasyev.
7:15 of 2nd period - Goal by Egor Afanasyev - Tucson Roadrunners : 3 - Philadelphia Phantoms : 4.
7:16 of 2nd period - Kiefer Sherwood wins face-off versus Juuso Parssinen in neutral zone.
7:21 of 2nd period - Backhand shot by Matt Nieto.
7:21 of 2nd period - Stopped by Jake Allen with a rebound.
7:23 of 2nd period - Slapshot by Nick Seeler.
7:23 of 2nd period - Stopped by Jake Allen with a rebound.
7:25 of 2nd period - Slapshot by Maxwell Crozier.
7:25 of 2nd period - Shot Misses the Net.
7:27 of 2nd period - Snap shot by Kiefer Sherwood.
7:27 of 2nd period - Deflect By Matt Nieto.
7:27 of 2nd period - Shot Misses the Net.
7:27 of 2nd period - Puck is out of play.
7:28 of 2nd period - Kiefer Sherwood wins face-off versus Egor Afanasyev in Philadelphia Phantoms zone.
7:39 of 2nd period - Matt Nieto is hit by William Borgen and loses puck.
8:05 of 2nd period - Backhand shot by Adam Klapka.
8:05 of 2nd period - Shot Blocked by Anthony Richard.
8:07 of 2nd period - Slapshot by Nick Blankenburg.
8:07 of 2nd period - Stopped by Kaapo Kahkonen with a rebound.
8:17 of 2nd period - Wrist shot by James Malatesta.
8:17 of 2nd period - Stopped by Kaapo Kahkonen without a rebound.
8:18 of 2nd period - Kiefer Sherwood wins face-off versus Luca Del Bel Belluz in Tucson Roadrunners zone.
8:27 of 2nd period - Marcus Bjork is hit by Nick Seeler and loses puck.
9:05 of 2nd period - Wrist shot by Tye Kartye.
9:05 of 2nd period - Deflect By Nicolas Petan.
9:05 of 2nd period - Stopped by Kaapo Kahkonen with a rebound.
9:34 of 2nd period - Ben Jones is hit by Nick Blankenburg and loses puck.
9:41 of 2nd period - Slapshot by Juuso Parssinen.
9:41 of 2nd period - Deflect By Tye Kartye.
9:41 of 2nd period - Deflect By Kiefer Sherwood.
9:41 of 2nd period - Stopped by Kaapo Kahkonen with a rebound.
9:43 of 2nd period - Snap shot by Tye Kartye.
9:43 of 2nd period - Stopped by Kaapo Kahkonen without a rebound.
9:44 of 2nd period - Adam Klapka wins face-off versus Walker Duehr in Tucson Roadrunners zone.
9:59 of 2nd period - Wrist shot by Walker Duehr.
9:59 of 2nd period - Shot Misses the Net.
10:12 of 2nd period - Off-side.
10:13 of 2nd period - Luca Del Bel Belluz wins face-off versus Kiefer Sherwood in neutral zone.
10:30 of 2nd period - Wrist shot by Tyler Kleven.
10:30 of 2nd period - Shot Blocked by Robert Hagg.
10:42 of 2nd period - Slapshot by Pontus Holmberg.
10:42 of 2nd period - Shot Misses the Net.
10:44 of 2nd period - Slapshot by James Malatesta.
10:44 of 2nd period - Shot Misses the Net.
10:46 of 2nd period - Snap shot by James Malatesta.
10:46 of 2nd period - Shot Misses the Net.
10:48 of 2nd period - Wrist shot by Nick Blankenburg.
10:48 of 2nd period - Stopped by Kaapo Kahkonen without a rebound.
10:49 of 2nd period - Walker Duehr wins face-off versus Egor Afanasyev in Tucson Roadrunners zone.
10:55 of 2nd period - Icing by Samuel Knazko.
10:56 of 2nd period - Alex Steeves wins face-off versus Walker Duehr in Tucson Roadrunners zone.
11:23 of 2nd period - Wrist shot by Juuso Parssinen.
11:23 of 2nd period - Goal by Juuso Parssinen - Tucson Roadrunners : 3 - Philadelphia Phantoms : 5.
11:24 of 2nd period - Egor Afanasyev wins face-off versus Kiefer Sherwood in neutral zone.
11:50 of 2nd period - William Carrier is hit by Tye Kartye and loses puck.
11:55 of 2nd period - Wrist shot by Tye Kartye.
11:55 of 2nd period - Deflect By Maxwell Crozier.
11:55 of 2nd period - Stopped by Kaapo Kahkonen with a rebound.
11:57 of 2nd period - Slapshot by William Borgen.
11:57 of 2nd period - Shot Misses the Net.
11:59 of 2nd period - Wrist shot by Pontus Holmberg.
11:59 of 2nd period - Stopped by Kaapo Kahkonen without a rebound.
12:00 of 2nd period - Adam Klapka wins face-off versus Kiefer Sherwood in Tucson Roadrunners zone.
12:40 of 2nd period - Backhand shot by Juuso Parssinen.
12:40 of 2nd period - Shot Blocked by Robert Hagg.
12:54 of 2nd period - Snap shot by Gage Goncalves.
12:54 of 2nd period - Shot Blocked by Pontus Holmberg.
12:56 of 2nd period - Wrist shot by Walker Duehr.
12:56 of 2nd period - Shot Blocked by Ryan Johnson.
15:08 of 2nd period - Snap shot by William Carrier.
15:08 of 2nd period - Shot Blocked by Tyler Kleven.
16:41 of 2nd period - 10 Minutes Misconduct Penalty to Jack McBain is over.
18:39 of 2nd period - Egor Afanasyev is hit by Matt Nieto.
18:44 of 2nd period - Icing by Brandon Duhaime.
18:45 of 2nd period - Adam Klapka wins face-off versus Kiefer Sherwood in Philadelphia Phantoms zone.
19:11 of 2nd period - Jaret Anderson-Dolan is hit by Robert Hagg and loses puck.
19:17 of 2nd period - Minor Penalty to Owen Sillinger for Hooking.
19:18 of 2nd period - William Carrier wins face-off versus Jack McBain in Tucson Roadrunners zone.
Goals for this period are 2 for Tucson Roadrunners vs 3 for Philadelphia Phantoms.
Shots for this period are 10 for Tucson Roadrunners vs 19 for Philadelphia Phantoms.
3rd period
0:01 of 3rd period - Egor Afanasyev wins face-off versus Kiefer Sherwood in neutral zone.
0:15 of 3rd period - Wrist shot by Egor Afanasyev.
0:15 of 3rd period - Stopped by Kaapo Kahkonen with a rebound.
0:35 of 3rd period - Wrist shot by Tye Kartye.
0:35 of 3rd period - Deflect By Jack McBain.
0:35 of 3rd period - Stopped by Kaapo Kahkonen with a rebound.
1:17 of 3rd period - Penalty to Owen Sillinger is over, Owen Sillinger is back on ice.
1:28 of 3rd period - Egor Afanasyev is hit by William Carrier.
1:38 of 3rd period - Samuel Knazko is hit by Adam Klapka and loses puck.
2:38 of 3rd period - Maksymilian Szuber is hit by Brett Murray and loses puck.
3:05 of 3rd period - Slapshot by Anthony Richard.
3:05 of 3rd period - Stopped by Jake Allen with a rebound.
3:07 of 3rd period - Snap shot by Nicolas Petan.
3:07 of 3rd period - Stopped by Jake Allen with a rebound.
3:49 of 3rd period - Slapshot by Nick Blankenburg.
3:49 of 3rd period - Stopped by Kaapo Kahkonen with a rebound.
3:55 of 3rd period - Snap shot by Juuso Parssinen.
3:55 of 3rd period - Stopped by Kaapo Kahkonen with a rebound.
3:57 of 3rd period - Slapshot by Egor Afanasyev.
3:57 of 3rd period - Stopped by Kaapo Kahkonen with a rebound.
4:11 of 3rd period - Snap shot by Nicolas Petan.
4:11 of 3rd period - Shot Misses the Net.
4:13 of 3rd period - Slapshot by Nick Seeler.
4:13 of 3rd period - Deflect By William Carrier.
4:13 of 3rd period - Stopped by Jake Allen without a rebound.
4:14 of 3rd period - Jack McBain wins face-off versus Nicolas Petan in Philadelphia Phantoms zone.
4:23 of 3rd period - Wrist shot by Nicolas Petan.
4:23 of 3rd period - Stopped by Jake Allen with a rebound.
4:25 of 3rd period - Slapshot by William Carrier.
4:25 of 3rd period - Shot Misses the Net.
4:27 of 3rd period - Wrist shot by Nicolas Petan.
4:27 of 3rd period - Shot Blocked by Jack McBain.
4:45 of 3rd period - Wrist shot by Walker Duehr.
4:45 of 3rd period - Shot Misses the Net.
4:47 of 3rd period - Snap shot by Owen Sillinger.
4:47 of 3rd period - Stopped by Jake Allen with a rebound.
4:49 of 3rd period - Slapshot by Nick Seeler.
4:49 of 3rd period - Shot Misses the Net.
5:39 of 3rd period - Snap shot by William Carrier.
5:39 of 3rd period - Shot Blocked by Ryan Johnson.
5:55 of 3rd period - Minor Penalty to Brandon Duhaime for Tripping.
5:56 of 3rd period - Adam Klapka wins face-off versus Kiefer Sherwood in Philadelphia Phantoms zone.
6:21 of 3rd period - Nick Blankenburg is hit by Nicolas Petan and loses puck.
6:30 of 3rd period - Snap shot by Anthony Richard.
6:30 of 3rd period - Shot Misses the Net.
6:52 of 3rd period - Robert Hagg is hit by Brett Murray and loses puck.
7:25 of 3rd period - Kiefer Sherwood is hit by Pontus Holmberg and loses puck.
7:55 of 3rd period - Penalty to Brandon Duhaime is over, Brandon Duhaime is back on ice.
7:57 of 3rd period - Marcus Bjork is hit by Nick Seeler and loses puck.
8:06 of 3rd period - Snap shot by Brandon Duhaime.
8:06 of 3rd period - Deflect By Egor Afanasyev.
8:06 of 3rd period - Stopped by Kaapo Kahkonen without a rebound.
8:07 of 3rd period - James Malatesta wins face-off versus Walker Duehr in Tucson Roadrunners zone.
8:32 of 3rd period - Chase Wheatcroft is hit by Adam Klapka and loses puck.
8:48 of 3rd period - Off-side.
8:49 of 3rd period - Nicolas Petan wins face-off versus Egor Afanasyev in neutral zone.
9:00 of 3rd period - Wrist shot by William Carrier.
9:00 of 3rd period - Goal by William Carrier - Tucson Roadrunners : 4 - Philadelphia Phantoms : 5.
9:01 of 3rd period - Kiefer Sherwood wins face-off versus Egor Afanasyev in neutral zone.
9:13 of 3rd period - Snap shot by Alex Steeves.
9:13 of 3rd period - Stopped by Kaapo Kahkonen with a rebound.
9:36 of 3rd period - Wrist shot by Jack McBain.
9:36 of 3rd period - Shot Blocked by William Carrier.
9:46 of 3rd period - Gage Goncalves is hit by Luca Del Bel Belluz and loses puck.
9:51 of 3rd period - Wrist shot by Luca Del Bel Belluz.
9:51 of 3rd period - Deflect By James Malatesta.
9:51 of 3rd period - Stopped by Kaapo Kahkonen without a rebound.
9:52 of 3rd period - Egor Afanasyev wins face-off versus Kiefer Sherwood in Tucson Roadrunners zone.
10:13 of 3rd period - Minor Penalty to Robert Hagg for Tripping.
10:14 of 3rd period - Kiefer Sherwood wins face-off versus Jack McBain in Tucson Roadrunners zone.
10:27 of 3rd period - Backhand shot by William Borgen.
10:27 of 3rd period - Shot Misses the Net.
11:05 of 3rd period - Ryan Johnson is hit by Brock McGinn and loses puck.
12:13 of 3rd period - Penalty to Robert Hagg is over, Robert Hagg is back on ice.
12:41 of 3rd period - Brandon Duhaime is hit by William Carrier and loses puck.
12:54 of 3rd period - Luca Del Bel Belluz is hit by Robert Hagg and loses puck.
13:28 of 3rd period - Snap shot by Kiefer Sherwood.
13:28 of 3rd period - Stopped by Jake Allen with a rebound.
15:29 of 3rd period - Jack McBain is hit by Owen Sillinger and loses puck.
15:38 of 3rd period - Wrist shot by Walker Duehr.
15:38 of 3rd period - Shot Misses the Net.
16:07 of 3rd period - Snap shot by Brock McGinn.
16:07 of 3rd period - Stopped by Jake Allen with a rebound.
16:10 of 3rd period - Icing by Egor Afanasyev.
16:11 of 3rd period - Egor Afanasyev wins face-off versus Zach Dean in Philadelphia Phantoms zone.
17:11 of 3rd period - Snap shot by Jack McBain.
17:11 of 3rd period - Shot Misses the Net.
17:13 of 3rd period - Slapshot by Jack McBain.
17:13 of 3rd period - Stopped by Kaapo Kahkonen with a rebound.
17:21 of 3rd period - Brett Murray is hit by Kiefer Sherwood.
17:59 of 3rd period - Icing by Nick Seeler.
18:00 of 3rd period - Egor Afanasyev wins face-off versus Nicolas Petan in Tucson Roadrunners zone.
18:31 of 3rd period - Snap shot by Luca Del Bel Belluz.
18:31 of 3rd period - Stopped by Kaapo Kahkonen without a rebound.
18:32 of 3rd period - Adam Klapka wins face-off versus Walker Duehr in Tucson Roadrunners zone.
18:35 of 3rd period - Snap shot by Brandon Duhaime.
18:35 of 3rd period - Deflect By Jaret Anderson-Dolan.
18:35 of 3rd period - Shot Blocked by Gage Goncalves.
18:35 of 3rd period - Puck is out of play.
18:36 of 3rd period - Adam Klapka wins face-off versus Walker Duehr in Tucson Roadrunners zone.
18:37 of 3rd period - Wrist shot by Brandon Duhaime.
18:37 of 3rd period - Shot Misses the Net.
18:45 of 3rd period - Tucson Roadrunners, Kaapo Kahkonen is pulled from the net.
18:45 of 3rd period - Wrist shot by Owen Sillinger.
18:45 of 3rd period - Stopped by Jake Allen with a rebound.
19:05 of 3rd period - Snap shot by Kiefer Sherwood.
19:05 of 3rd period - Shot Blocked by Pontus Holmberg.
Goals for this period are 1 for Tucson Roadrunners vs 0 for Philadelphia Phantoms.
Shots for this period are 9 for Tucson Roadrunners vs 10 for Philadelphia Phantoms.
Back to the Top